Map: Acid Plant LE

Players

MaSa

  • Race: Terran Terran
  • Spawn Location: 5:00

TRUE - Winner!

  • Race: Zerg Zerg
  • Spawn Location: 11:00

Event: WCS Montreal 2018

VOD

Have the link to the VOD?

Description

Time

  • Played on: Sept. 7, 2018, 7:47 p.m.
  • Length: 14:52

All games in this series

Show
View Real Time Build Order
Export as new Build Order

MaSa Terran 

Build Orders: MMM Bio 

Get SALT Encoding   

  12  0:00  SCV  
  13  0:13  SCV  
  14  0:17  Supply Depot  
  14  0:25  SCV  
  15  0:39  SCV  
  15  0:40  Barracks  
  16  0:43  Refinery  
  16  0:51  SCV  
  17  1:03  SCV  
  18  1:15  SCV  
  19  1:27  Orbital Command, Barracks Reactor  
  19  1:40  Command Center  
  19  1:48  Supply Depot  
  19  1:53  SCV  
  20  2:02  Factory  
  20  2:06  Marine  
  21  2:08  Marine  
  21  2:12  SCV  
  23  2:16  Refinery  
  23  2:23  Marine  
  23  2:26  SCV, Marine  
  25  2:38  SCV  
  25  2:41  Marine  
  25  2:44  Marine  
  28  2:52  Starport, SCV  
  29  3:05  SCV  
  30  3:06  Hellion x2  
  34  3:13  Orbital Command  
  34  3:17  SCV  
  35  3:27  Hellion  
  35  3:29  SCV, Hellion  
  35  3:33  Medivac  
  42  3:36  Marine  
  42  3:49  Armory  
  42  3:51  Supply Depot, SCV  
  42  3:52  SCV  
  44  3:57  Hellion  
  46  4:03  Liberator  
  46  4:05  Barracks Tech Lab  
  46  4:12  SCV x2, Hellion  
  46  4:16  Supply Depot  
  53  4:24  SCV  
  54  4:37  SCV x2  
  56  4:40  Hellion x2  
  60  4:49  SCV x2  
  58  4:56  Supply Depot  
  49  5:01  SCV x2  
  45  5:12  Stimpack, Command Center  
  45  5:13  SCV x2  
  45  5:15  Supply Depot  
  45  5:16  Starport Reactor  
  45  5:18  Marine  
  46  5:24  Factory Tech Lab  
  46  5:26  SCV x2  
  48  5:30  Barracks  
  48  5:34  Engineering Bay, Barracks  
  48  5:38  Engineering Bay, SCV x2  
  48  5:42  Marine  
  51  5:50  SCV x2  
  51  5:52  Siege Tank  
  56  5:58  Starport Reactor  
  56  6:00  Marine  
  56  6:01  Refinery x2, Terran Infantry Weapons Level 1  
  56  6:02  SCV x2  
  56  6:04  Terran Infantry Armor Level 1  
  59  6:14  SCV x2  
  59  6:17  Marine  
  60  6:21  Marine x2  
  60  6:25  Barracks  
  60  6:26  SCV x2, Barracks  
  60  6:30  Siege Tank  
  60  6:31  Marine  
  67  6:35  Marine  
  67  6:39  Marine x3  
  69  6:41  Supply Depot  
  69  6:42  SCV  
  69  6:45  Medivac  
  69  6:46  Medivac  
  75  6:48  SCV  
  75  6:49  Marine  
  75  6:53  Marine  
  78  6:56  Orbital Command, SCV  
  78  6:57  Marine x2  
  78  6:59  Marine  
  78  7:00  SCV  
  83  7:04  Terran Vehicle And Ship Armor Level 1  
  83  7:07  Marine  
  84  7:11  Marine  
  84  7:12  Combat Shield  
  84  7:13  Factory Reactor, Barracks Reactor  
  84  7:14  Barracks Reactor  
  84  7:15  SCV, Marine x2  
  88  7:17  SCV  
  88  7:19  Marine  
  90  7:23  SCV  
  90  7:25  Marine  
  90  7:29  Marine  
  93  7:30  Supply Depot  
  93  7:32  Supply Depot, SCV, Marine  
  93  7:33  Marine  
  93  7:36  Supply Depot, SCV  
  97  7:37  Marine  
  97  7:43  Marine  
  99  7:46  Marine  
  99  7:48  SCV  
  99  7:50  Marine x2  
  101  7:51  Marine x2  
  101  7:52  Marine  
  101  7:53  Marine, Medivac  
  101  7:55  Marine  
  105  7:59  Terran Infantry Weapons Level 2  
  105  8:00  Marine  
  105  8:01  Terran Infantry Armor Level 2  
  105  8:03  SCV  
  105  8:04  Marine  
  108  8:06  SCV  
  108  8:07  SCV  
  108  8:08  Marine x2  
  108  8:09  Marine x2  
  108  8:10  Marine x2  
  108  8:13  Marine  
  108  8:16  Supply Depot  
  107  8:22  Marine x2  
  107  8:26  Marine  
  101  8:32  SCV x3  
  103  8:34  Marine x2  
  103  8:35  Marine x2  
  103  8:38  Medivac  
  103  8:39  Medivac  
  111  8:41  Marine x2  
  111  8:43  Widow Mine x2  
  111  8:44  SCV x3  
  111  8:47  Marine x3  
  123  8:52  Marine x2  
  123  8:55  Sensor Tower, Marine x2  
  125  8:56  SCV x2  
  125  8:58  SCV  
  125  8:59  Marine x2  
  125  9:00  Refinery  
  132  9:03  Missile Turret x2  
  132  9:07  Missile Turret, Marine  
  133  9:14  Marine  
  133  9:15  Marine  
  129  9:17  Factory  
  129  9:18  Widow Mine x2  
  121  9:28  Supply Depot  
  121  9:29  Supply Depot  
  121  9:30  Supply Depot  
  121  9:32  Command Center  
  121  9:33  Marine x4  
  121  9:34  Marine x2  
  127  9:39  Supply Depot  
  127  9:44  Missile Turret  
  127  9:45  Widow Mine  
  128  9:47  Marine x2  
  128  9:48  Marine  
  128  9:51  Marine x3  
  132  9:54  SCV x2, Marine x3  
  132  9:57  SCV  
  136  10:02  Widow Mine  
  136  10:05  Marine x3  
  139  10:07  Factory Tech Lab  
  139  10:09  Barracks, Marine  
  139  10:13  Marine x2  
  142  10:15  Medivac  
  142  10:16  Supply Depot  
  142  10:17  Supply Depot  
  142  10:19  Supply Depot  
  144  10:22  Barracks  
  144  10:23  Barracks  
  144  10:24  SCV x2  
  144  10:25  SCV  
  138  10:32  Widow Mine  
  138  10:33  Thor, Widow Mine  
  138  10:35  Marauder  
  150  10:36  Medivac  
  150  10:37  Marine  
  150  10:40  Marine  
  153  10:45  SCV x2  
  153  10:48  SCV  
  154  10:53  Widow Mine, Medivac  
  154  10:56  Marauder, Terran Infantry Weapons Level 3  
  160  11:04  Terran Infantry Armor Level 3  
  160  11:06  Barracks Tech Lab, Medivac  
  160  11:07  Concussive Shells  
  160  11:11  Unknown  
  162  11:12  SCV x3  
  162  11:15  Marine x3  
  162  11:18  Marauder  
  170  11:19  Marine  
  170  11:27  Supply Depot  
  170  11:29  Marine x2  
  170  11:31  Marine x2  
  171  11:36  Marine x3  
  171  11:39  Marauder  
  177  11:41  Terran Vehicle And Ship Armor Level 2  
  177  11:45  Planetary Fortress  
  177  11:46  Barracks Tech Lab x2  
  175  11:55  Marine  
  175  11:56  Marauder, Supply Depot, Marine x2  
  180  12:03  Marine x4  
  180  12:04  Marine x2  
  180  12:05  Marine x2  
  172  12:09  SCV  
  172  12:10  SCV x2  
  172  12:13  Marine x3  
  178  12:17  Marine  
  178  12:21  Missile Turret, Marine  
  180  12:33  Widow Mine x2, Marine x4  
  180  12:34  Marine x3  
  180  12:35  Marauder, Marine x3  
  180  12:38  SCV  
  180  12:39  Marine  
  151  12:45  SCV  
  151  12:51  Marine x5  
  150  12:52  Marine x2  
  150  12:53  Marauder, SCV, Marine x2  
  150  12:55  Widow Mine x2  
  150  12:56  Marine  
  150  12:57  Marine, Medivac  
  144  13:00  SCV  
  144  13:01  SCV  
  146  13:08  Thor  
  146  13:09  Marine x2  
  146  13:11  Medivac  
  154  13:14  Marine x2  
  154  13:15  Missile Turret  
  154  13:16  Marine  
  154  13:19  SCV  
  158  13:21  Marauder  
  158  13:26  Marauder, Marine  
  163  13:27  Marine, Medivac  
  163  13:30  Marine  
  163  13:35  Marauder, Marine  
  163  13:38  Marine  
  163  13:39  Marine  
  147  13:51  Marine x2  
  129  13:56  Marine x2  
  129  13:58  Marauder  
  111  14:11  Unknown x2  
Show
View Real Time Build Order
Export as new Build Order

TRUE Zerg - Winner!

Build Orders: Pool First, Muta Ling Bane 

Get SALT Encoding   

  12  0:00  Drone  
  13  0:12  Overlord  
  13  0:17  Drone  
  14  0:30  Drone x2  
  16  0:41  Spawning Pool  
  15  0:44  Drone  
  15  0:48  Drone  
  17  0:55  Extractor  
  16  0:58  Drone  
  17  1:17  Hatchery  
  16  1:27  Zergling x6  
  19  1:38  Queen  
  21  1:45  Overlord  
  21  1:51  Drone  
  22  2:00  Metabolic Boost  
  22  2:03  Drone  
  23  2:14  Queen  
  25  2:15  Drone  
  25  2:22  Zergling x2  
  27  2:34  Queen  
  27  2:36  Drone x2  
  31  2:40  Overlord  
  31  2:44  Drone  
  32  2:49  Drone  
  31  2:51  Drone  
  31  2:53  Drone  
  31  2:55  Drone  
  33  3:00  Drone  
  33  3:01  Drone  
  35  3:20  Hatchery  
  35  3:23  Queen  
  35  3:26  Drone  
  37  3:29  Drone  
  37  3:30  Drone  
  37  3:31  Drone  
  37  3:33  Drone  
  41  3:36  Drone  
  41  3:39  Drone  
  43  3:44  Overlord  
  43  3:56  Overlord  
  43  4:00  Queen, Evolution Chamber  
  43  4:02  Overlord  
  44  4:04  Queen  
  44  4:09  Drone x4  
  50  4:15  Roach Warren  
  49  4:18  Drone x2  
  49  4:21  Zergling x4  
  53  4:25  Zergling x4  
  53  4:26  Zergling x2  
  53  4:28  Zergling x2  
  57  4:32  Zergling x2  
  57  4:34  Zergling x6  
  57  4:36  Zergling x2  
  57  4:38  Zergling x2  
  60  4:40  Zergling x2  
  60  4:45  Zergling x2  
  59  4:46  Zergling x4  
  57  4:52  Zergling x2  
  51  5:02  Drone x2  
  51  5:03  Drone x3  
  51  5:05  Drone  
  51  5:06  Drone  
  58  5:07  Drone  
  58  5:11  Queen  
  61  5:14  Zerg Ground Armor Level 1  
  61  5:15  Drone  
  61  5:17  Drone  
  61  5:19  Drone  
  64  5:28  Overlord  
  64  5:29  Drone x2  
  66  5:36  Drone  
  66  5:39  Drone x2  
  66  5:40  Drone  
  70  5:43  Drone x2  
  70  5:46  Drone x2  
  70  5:49  Drone x2  
  76  5:52  Drone x2  
  76  5:53  Drone x2  
  76  5:56  Drone  
  81  5:59  Overlord  
  81  6:01  Overlord, Drone  
  82  6:05  Lair  
  82  6:06  Extractor  
  82  6:07  Extractor  
  82  6:08  Extractor  
  82  6:09  Drone x2  
  82  6:10  Drone  
  82  6:18  Drone  
  77  6:20  Drone  
  77  6:21  Drone  
  77  6:22  Drone x3  
  82  6:28  Hatchery  
  82  6:30  Drone x2  
  82  6:31  Drone  
  84  6:38  Hatchery  
  83  6:44  Drone  
  83  6:45  Drone x3  
  86  6:50  Zergling x4  
  86  6:51  Extractor, Zergling x6  
  86  6:52  Overlord  
  90  6:54  Overlord  
  90  6:58  Overlord  
  90  6:59  Overlord  
  90  7:01  Overlord  
  90  7:04  Extractor  
  90  7:05  Spire, Drone  
  90  7:06  Zergling x2  
  90  7:09  Overlord  
  90  7:11  Zergling x6  
  90  7:12  Zerg Melee Weapons Level 1  
  93  7:16  Zergling x2  
  93  7:17  Zergling x2  
  95  7:30  Zergling x16  
  95  7:36  Zergling x6  
  95  7:37  Zergling x2  
  107  7:38  Zergling x2  
  107  7:40  Zergling x2  
  107  7:41  Zergling x2  
  103  7:59  Zergling x2  
  103  8:00  Zergling x18  
  103  8:04  Zergling x6  
  116  8:06  Zergling x4  
  114  8:14  Zergling x10  
  114  8:19  Hatchery  
  116  8:21  Mutalisk x4  
  116  8:23  Mutalisk  
  116  8:24  Mutalisk x2  
  116  8:25  Mutalisk  
  116  8:26  Mutalisk  
  124  8:27  Mutalisk  
  124  8:30  Mutalisk  
  124  8:33  Mutalisk  
  128  8:34  Mutalisk  
  128  8:39  Mutalisk  
  128  8:40  Baneling Nest  
  131  8:42  Mutalisk  
  131  8:45  Overlord  
  131  8:47  Overlord  
  133  8:49  Mutalisk  
  133  8:52  Mutalisk  
  133  8:53  Hatchery  
  136  9:03  Mutalisk x2  
  136  9:05  Zergling x4  
  136  9:07  Zergling x2  
  136  9:08  Zergling x12  
  149  9:11  Zergling x2  
  149  9:12  Zergling x4  
  149  9:15  Zergling x2  
  149  9:16  Zergling x2  
  149  9:17  Zergling x2  
  149  9:23  Zerg Ground Armor Level 2  
  149  9:24  Centrifical Hooks  
  149  9:30  Hatchery  
  148  9:35  Drone x7  
  155  9:40  Drone  
  155  9:41  Drone x2  
  158  9:56  Mutalisk x4  
  158  9:59  Extractor  
  159  10:01  Mutalisk x2  
  159  10:06  Drone x5  
  159  10:07  Mutalisk, Drone  
  163  10:11  Drone  
  166  10:16  Overlord  
  166  10:17  Overlord  
  166  10:19  Overlord  
  166  10:21  Overlord  
  166  10:22  Spine Crawler  
  166  10:28  Overlord  
  164  10:35  Zerg Flyer Weapons Level 1  
  153  10:36  Zergling x2  
  153  10:37  Zergling x18  
  153  10:39  Zergling x4  
  165  10:48  Evolution Chamber  
  165  10:49  Overseer  
  162  10:50  Zergling x2  
  162  10:53  Baneling  
  162  10:54  Baneling x7  
  162  10:57  Zergling x20  
  172  11:13  Zergling x30  
  172  11:17  Zergling x2  
  188  11:19  Zergling x2  
  188  11:20  Baneling x8  
  188  11:23  Zergling x2  
  190  11:30  Zergling x4  
  190  11:31  Zergling x4  
  194  11:33  Baneling x4  
  194  11:34  Drone x3  
  194  11:36  Zergling x2  
  196  11:40  Baneling x8  
  196  11:41  Baneling x12  
  196  11:43  Zerg Melee Weapons Level 2  
  196  11:45  Zergling x2  
  196  11:46  Zergling x4  
  199  11:49  Spine Crawler  
  198  11:54  Zergling x2  
  189  12:09  Zergling x2  
  189  12:10  Zergling x18  
  189  12:13  Baneling x5  
  189  12:14  Baneling x8  
  199  12:17  Baneling x6, Infestation Pit  
  199  12:18  Baneling x7  
  199  12:21  Zergling x2  
  199  12:33  Zergling x2  
  199  12:36  Zergling x2  
  186  12:37  Zergling x36  
  186  12:42  Zergling x2  
  186  12:43  Zergling x6  
  186  12:45  Zergling x2  
  186  12:46  Zergling x2  
  176  12:52  Mutalisk x4  
  177  12:59  Mutalisk x2  
  177  13:01  Mutalisk x3  
  177  13:03  Mutalisk  
  187  13:05  Mutalisk  
  187  13:07  Zergling x2  
  187  13:09  Pneumatized Carapace  
  187  13:10  Zergling x4  
  192  13:15  Zergling x6  
  192  13:19  Zergling x2  
  196  13:20  Zergling x4  
  196  13:23  Zergling x2  
  196  13:26  Zergling x2  
  200  13:35  Zergling x2  
  200  13:37  Zergling x12  
  200  13:39  Baneling x10  
  195  13:45  Zergling x20  
  196  13:53  Zergling x4  
  196  13:54  Zergling x8  
  172  13:57  Zergling x2  
  172  13:58  Zergling x2  
  172  14:00  Zergling x4  
  162  14:04  Baneling x6  
  162  14:05  Zergling x2  
  162  14:06  Zergling x2  
  162  14:07  Zergling x2  
  162  14:12  Zergling x2  
  162  14:14  Zergling x2  
  162  14:16  Zergling x4  
  152  14:20  Baneling x3  
  152  14:21  Baneling x5, Zergling x2  
  152  14:23  Zergling x4  
  145  14:24  Baneling x2  
  145  14:26  Baneling x2, Zergling x2  
  145  14:28  Zergling x2  
  140  14:32  Zergling x2  
  140  14:33  Zergling x2  
Tags
 
Add a new tag
Caveats
  • Supply blocks, unpowered buildings, or Contaminate may cause inaccurate times.
  • Supply counts are checked every 10 seconds.